 Dungeon Crawl Stone Soup version 0.20.0-8-g6b59dc7 (webtiles) character file.

965 RKaid the Poker (level 7, -3/56 HPs)
             Began as a Demonspawn Wanderer on June 1, 2017.
             Was a Follower of Ashenzari.
             Slain by an ice beast (10 damage)
             ... on level 5 of the Dungeon.
             The game lasted 00:14:23 (6470 turns).

RKaid the Poker (Demonspawn Wanderer)               Turns: 6470, Time: 00:14:23

Health: -3/56      AC:  4    Str: 14    XL:     7   Next: 93%
Magic:  0/7        EV: 13    Int: 13    God:    Ashenzari [*.....]
Gold:   89         SH:  0    Dex: 13    Spells: 6/6 levels left

rFire    . . .     SeeInvis .   a - +0 spear
rCold    . . .     Gourm    .   (no shield)
rNeg     . . .     Faith    .   m - -1 robe (curse)
rPois    .         Spirit   +   (helmet restricted)
rElec    .         Reflect  .   (no cloak)
rCorr    .         Harm     .   (no gloves)
MR       .....                  o - +0 pair of boots
Stlth    ++........             (no amulet)
Regen    0.2/turn               (no ring)
MPRegen  0.1/turn               (no ring)

@: no status effects
A: antennae 1, yellow scales 1, magic shield
a: Curse Item, Scrying, Renounce Religion


You were on level 5 of the Dungeon.
You worshipped Ashenzari.
Ashenzari was aware of your devotion.
You were not hungry.

You visited 1 branch of the dungeon, and saw 5 of its levels.

You collected 89 gold pieces.

Inventory:

Hand Weapons
 a - a +0 spear (weapon)
 b - a +0 blowgun
   (You took it off a kobold on level 3 of the Dungeon)
Missiles
 n - 8 curare-tipped needles
 p - 13 poisoned needles
Armour
 i - a +2 hat
   (You found it on level 4 of the Dungeon)
 k - a +3 leather armour
 m - a cursed -1 robe (worn)
   (You found it on level 3 of the Dungeon)
 o - a +0 pair of boots (worn)
   (You found it on level 3 of the Dungeon)
Wands
 c - a wand of polymorph (9/24)
   (You found it on level 2 of the Dungeon)
 A - a wand of acid (2/15)
   (You found it on level 3 of the Dungeon)
Scrolls
 e - a scroll of blinking {!r}
 j - a scroll of magic mapping {!r}
Potions
 f - a potion of curing
 g - a potion of lignification {!q}
 h - a potion of berserk rage {unknown}
 q - a potion of agility {unknown}
 r - a potion of mutation {unknown}
Comestibles
 d - 5 bread rations
 l - 4 fruits


   Skills:
 + Level 5.6 Fighting
   Level 1.0 Long Blades
 * Level 6.8 Polearms
 - Level 2.6 Dodging
 - Level 1.0 Stealth
   Level 1.7 Shields


You had 6 spell levels left.
You didn't know any spells.

Dungeon Overview and Level Annotations

Branches:
Dungeon (5/15)
 Temple: D:4-7

Altars:
Ashenzari
Dithmenos
Elyvilon
Fedhas
Kikubaaqudgha
Makhleb
Qazlal
Ru
Trog


Innate Abilities, Weirdness & Mutations

You have a pair of small antennae on your head.
You are partially covered in yellow scales. (AC +2)
When hurt, damage is shared between your health and your magic reserves.


Message History

Eating one of 3 chunks of flesh.
You eat one of the 3 chunks of flesh.
This raw flesh tastes terrible.
p - 13 poisoned needles (gained 1)
You now have 72 gold pieces (gained 21).
You see here an uncursed club.
You now have 89 gold pieces (gained 17).
You see here an uncursed falchion.
Done exploring.
Done exploring.
Done exploring.
There is a stone staircase leading down here.
You climb downwards.
The worm bites you!
There is a stone staircase leading up here.
You barely miss the worm. You hit the worm. The worm barely misses you.
You hit the worm. You hit the worm. The worm barely misses you.
You hit the worm but do no damage. You hit the worm. You hit the worm.
You kill the worm!
Okay, then.
Attack whom?
Press: ? - help, Dir - move target cursor, f - ogre
Aim: an ogre, wielding a giant spiked club You reach to attack!
You hit the ogre. You hit the ogre. The ogre barely misses you.
You hit the ogre. You hit the ogre.
The ogre hits you with a giant spiked club!!
You barely miss the ogre. You barely miss the ogre.
The ogre hits you with a giant spiked club.
You hit the ogre but do no damage. The ogre barely misses you.
You hit the ogre but do no damage. You hit the ogre. The ogre misses you.
You hit the ogre. You hit the ogre but do no damage.
The ogre hits you with a giant spiked club!
You hit the ogre. You hit the ogre.
You kill the ogre!
You start resting.
An ice beast is nearby!
You start resting.
Eating one of 2 chunks of flesh.
You eat one of the 2 chunks of flesh.
This raw flesh tastes terrible.
All of the chunks of flesh in your inventory have rotted away.
There is a stone staircase leading up here.
You see here an uncursed giant spiked club.
An adder comes into view.
You found a shaft!
There is a shaft here.
You see here 22 arrows.
An adder skeleton comes into view.
The adder skeleton bites you but does no damage.
You hit the adder skeleton. The adder skeleton closely misses you.
You barely miss the adder skeleton. The adder skeleton bites you.
You hit the adder skeleton. The adder skeleton bites you.
You hit the adder skeleton but do no damage.
You hit the adder skeleton.
The adder skeleton bites you but does no damage.
You hit the adder skeleton.
You destroy the adder skeleton!
The ice beast is too close now for your liking.
The ice beast barely misses you.
You hit the ice beast but do no damage. The ice beast misses you.
You hit the ice beast but do no damage. You hit the ice beast but do no damage.
The ice beast hits you but does no damage.
You hit the ice beast but do no damage. The ice beast misses you.
An adder zombie comes into view.
You hit the ice beast. The ice beast hits you. The ice beast freezes you!
You closely miss the ice beast. The ice beast hits you.
The ice beast freezes you!
You closely miss the ice beast.
Unknown command.
The ice beast hits you. The ice beast freezes you.
A centaur comes into view.
The centaur wields a shortbow.
The centaur shoots an arrow.
The arrow barely misses you.
The centaur shoots an arrow.
The arrow hits you!
The centaur shoots an arrow.
The arrow closely misses you.
The arrow barely misses the ice beast.
You see here an arrow.
The centaur shoots an arrow.
The arrow hits you.
* * * LOW HITPOINT WARNING * * *
You see here an arrow.
The centaur unwields an uncursed shortbow.
The centaur hits you!
* * * LOW HITPOINT WARNING * * *
The centaur hits you.
* * * LOW HITPOINT WARNING * * *
The centaur closely misses you.
The centaur wields an uncursed shortbow.
The centaur shoots an arrow.
The arrow completely misses you.
There is a stone staircase leading up, spattered with blood here.
The ice beast hits you.
* * * LOW HITPOINT WARNING * * *
The ice beast freezes you!
You die...

#......##........ o..
######.##.### ... #.....(# .o
#####.##.#.# o# #.....##.#.# #.##
#.###.##Z#(# ##...#
#####.###.##.#(# ####.#.#.
..)..........#Z##########....)...
#####.###.....cY@..........#.#.#.
# #.# #..#.#######.####..(....# #
#.# #....# #.# #.####.## # #.#
##.#.# #.# #.# ## #
#.####.#.##### #.# #.. #
#............# #.# ### #
######.#.###.# #.# #
######.#....S #.#
#####.............


You could see an ice beast, a centaur and an adder zombie.

Vanquished Creatures
  Grinder (D:4)
  3 ogres
  A centaur (D:5)
  A bullfrog zombie (D:4)
  3 hounds (D:3)
  2 orc priests
  Natasha (twice) (D:2)
  3 worker ants
  A hound skeleton (D:4)
  6 adders
  2 oozes (D:3)
  An adder skeleton (D:5)
  2 worms
  3 dart slugs
  5 leopard geckos
  4 orcs
  8 bats
  7 giant cockroaches
  6 goblins
  9 hobgoblins
  4 jackals (D:1)
  3 quokkas
  A ball python (D:2)
  3 frilled lizards
  A jackal skeleton (D:4)
  5 kobolds
  A quokka skeleton (D:4)
  3 rats
91 creatures vanquished.

Notes
Turn   | Place    | Note
-------+----------+-------------------------------------------
     0 | D:1      | RKaid the Demonspawn Wanderer began the quest for the Orb.
     0 | D:1      | RKaid set off with: a +2 leather armour, a +0 spear, a potion of lignification {!q}, a bread ration
     0 | D:1      | Reached XP level 1. HP: 16/16 MP: 1/1
   287 | D:1      | Gained mutation: You have a pair of small antennae on your head. [demonic ancestry]
   287 | D:1      | Reached XP level 2. HP: 20/23 MP: 2/2
  1100 | D:2      | Reached skill level 3 in Fighting
  1100 | D:2      | Reached skill level 2 in Polearms
  1100 | D:2      | Gained mutation: When hurt, damage is shared between your health and your magic reserves. [demonic ancestry]
  1100 | D:2      | Reached XP level 3. HP: 27/29 MP: 3/3
  1207 | D:2      | Noticed Natasha
  1227 | D:2      | Killed Natasha
  1424 | D:2      | Reached XP level 4. HP: 27/35 MP: 4/4
  1672 | D:2      | Noticed Natasha
  1713 | D:2      | Killed Natasha
  1713 | D:2      | Reached skill level 3 in Polearms
  1936 | D:2      | Found a sacrificial altar of Ru.
  2651 | D:3      | Gained mutation: You are partially covered in yellow scales. (AC +2) [demonic ancestry]
  2651 | D:3      | Reached XP level 5. HP: 39/41 MP: 5/5
  2794 | D:3      | Reached skill level 4 in Polearms
  3095 | D:3      | Found a burning altar of Makhleb.
  3095 | D:3      | Noticed an Executioner
  3352 | D:3      | Found a white marble altar of Elyvilon.
  3352 | D:3      | Found a stormy altar of Qazlal.
  3358 | D:3      | Found a faded altar of an unknown god.
  3360 | D:3      | Found an ancient bone altar of Kikubaaqudgha.
  3361 | D:3      | Found a faded altar of an unknown god.
  3376 | D:3      | Became a worshipper of Ashenzari the Shackled
  3376 | D:3      | Reached * piety under Ashenzari
  3642 | D:3      | Found a blossoming altar of Fedhas.
  3672 | D:4      | Found a shadowy altar of Dithmenos.
  3815 | D:4      | Noticed Grinder
  3836 | D:4      | Noticed an ogre
  3877 | D:4      | Reached skill level 4 in Fighting
  3877 | D:4      | Reached XP level 6. HP: 22/48 MP: 2/6
  4402 | D:4      | Reached skill level 5 in Polearms
  4559 | D:3      | HP: 12/49 [poisoned by a worker ant]
  4566 | D:3      | HP: 11/49 [poisoned by a worker ant]
  4574 | D:3      | HP: 10/49 [poisoned by a worker ant]
  4876 | D:3      | HP: 10/49 [orc priest/nerve-wracking pain (10)]
  4883 | D:3      | HP: 11/49 [orc priest/mace (5)]
  5206 | D:4      | Found a bloodstained altar of Trog.
  5259 | D:4      | Reached XP level 7. HP: 55/55 MP: 7/7
  5297 | D:4      | HP: 12/55 [hound (2)]
  5302 | D:3      | HP: 7/55 [hound (3)]
  5607 | D:5      | Entered Level 5 of the Dungeon
  5635 | D:5      | Reached skill level 5 in Fighting
  5635 | D:5      | Reached skill level 6 in Polearms
  5947 | D:4      | Killed Grinder
  6467 | D:5      | HP: 9/56 [centaur (7)]
  6470 | D:5      | Slain by an ice beast

Skill      XL: |  1  2  3  4  5  6  7 |
---------------+----------------------+-----
Fighting       | 3 4 5 |  5.6
Polearms       | 2 3 4 5 6 |  6.8
Long Blades    | |  1.0
Dodging        | |  2.6
Stealth        | |  1.0
Shields        | |  1.7

Action                   |  1- 3 |  4- 6 |  7- 9 || total
-------------------------+-------+-------+-------++-------
Melee: Spear             |   101 |   373 |   101 ||   575
 Fire: Blowgun           |       |       |     6 ||     6
Evoke: Wand              |       |     3 |     3 ||     6
  Use: Scroll            |     2 |     8 |       ||    10
       Potion            |     1 |     2 |       ||     3
 Stab: Sleeping          |       |     4 |       ||     4
       Distracted        |       |     2 |       ||     2
  Eat: Chunk             |     2 |     6 |     4 ||    12
       Meat ration       |       |     1 |       ||     1
       Fruit             |       |     1 |       ||     1
Armor: Leather armour    |    19 |    43 |       ||    62
       Skin              |    10 |     7 |       ||    17
       Robe              |       |    25 |    20 ||    45
Dodge: Dodged            |    51 |   157 |    64 ||   272

Table legend:
 A = Turns spent in this place as a percentage of turns spent in the entire game.
 B = Non-inter-level travel turns spent in this place as a percentage of non-inter-level travel turns spent in the entire game.
 C = Inter-level travel turns spent in this place as a percentage of turns spent in this place.
 D = Turns resting spent in this place as a percentage of non-inter-level travel turns spent in this place.
 E = Turns spent auto-exploring this place as a percentage of non-inter-level travel turns spent in this place.
 F = Non-inter-level travel turns spent in this place divided by the number of levels of this place that you've seen.
                   A       B       C       D       E      F
               +-------+-------+-------+-------+-------+----------------------
         Total | 100.0 | 100.0 |   0.8 |   5.0 |   5.5 | 318.2
       Dungeon | 100.0 | 100.0 |   0.8 |   5.0 |   5.5 | 318.2
               +-------+-------+-------+-------+-------+----------------------

Table legend:
 A = Kills in this place as a percentage of kills in entire the game.
 B = Kills by you in this place as a percentage of kills by you in the entire game.
 C = Kills by friends in this place as a percentage of kills by friends in the entire game.
 D = Other kills in this place as a percentage of other kills in the entire game.
 E = Experience gained in this place as a percentage of experience gained in the entire game.
 F = Experience gained in this place divided by the number of levels of this place that you have seen.
                   A       B       C       D       E      F
               +-------+-------+-------+-------+-------+----------------------
         Total | 100.0 | 100.0 |  -nan |  -nan | 100.0 | 275.8
       Dungeon | 100.0 | 100.0 |  -nan |  -nan | 100.0 | 275.8
               +-------+-------+-------+-------+-------+----------------------
